 Dungeon Crawl Stone Soup version 0.30-a0-824-g6c64550be9 (webtiles) character file.

Game seed: 16523159693759744093

7 bmack86 the Covered (level 1, 0/20 HPs)
             Began as a Minotaur Fighter on Feb 28, 2023.
             Slain by a gnoll
             ... wielding a +0 spear
              (3 damage)
             ... on level 1 of the Dungeon.
             The game lasted 00:00:33 (120 turns).

bmack86 the Covered (Minotaur Fighter)               Turns: 120, Time: 00:00:34

Health: 0/20       AC:  7    Str: 20    XL:     1   Next: 91%
Magic:  0/0        EV:  9    Int:  5    God:
Gold:   14         SH:  4    Dex:  9    Spells: 0/0 levels left

rFire   . . .      SeeInvis .    a - +0 war axe
rCold   . . .      Faith    .    c - +0 buckler
rNeg    . . .      Spirit   .    b - +0 scale mail
rPois   .          Reflect  .    (helmet restricted)
rElec   .          Harm     .    (no cloak)
rCorr   .          Rampage  .    (no gloves)
Will    .....                    (no boots) Stlth
                                 (no amulet)
HPRegen 0.23/turn                (no ring)
MPRegen 0.07/turn                (no ring)

@: no status effects
A: horns 2, retaliatory headbutt
a: no special abilities


You were on level 1 of the Dungeon.
You visited 1 branch of the dungeon, and saw 1 of its levels.

You collected 14 gold pieces.

Inventory:

Hand Weapons
 a - a +0 war axe (weapon)
Armour
 b - a +0 scale mail (worn)
 c - a +0 buckler (worn)
Potions
 d - 2 potions of might


   Skills:
 + Level 3.7 Fighting
 * Level 2.8 Axes
 + Level 3.7 Armour
 + Level 3.7 Shields


You couldn't memorise any spells.
You didn't know any spells.
Your spell library was empty.

Dungeon Overview and Level Annotations

Branches:
Dungeon (1/15)

Altars:


Innate Abilities, Weirdness & Mutations

You have a pair of horns on your head.
You reflexively headbutt those who attack you in melee.


Message History

The goblin shouts!
A rat, a hobgoblin and a gnoll come into view.
Found 13 gold pieces.
The hobgoblin shouts!
The gnoll shouts!
The gnoll closely misses you.
Found a robe.
The gnoll hits you from afar with a +0 spear.
You closely miss the goblin. You barely miss the kobold.
A quokka comes into view.
The gnoll hits you from afar with a +0 spear.
The goblin completely misses you. The kobold closely misses you.
You hit the goblin.
The goblin is moderately wounded.
You closely miss the kobold. The kobold hits you but does no damage.
The gnoll hits you from afar with a +0 spear.
The goblin hits you with a +0 club. The gnoll barely misses you.
The kobold hits you with a +0 club.
* * * LOW HITPOINT WARNING * * *
You slash the rat!
You kill the rat!
The kobold closely misses you.
You hit the kobold. You headbutt the kobold.
You kill the kobold!
The quokka bites you but does no damage.
You barely miss the quokka. You headbutt the quokka.
The quokka is lightly wounded.
You block the quokka's attack.
You hit the quokka. Your headbutt misses the quokka.
The quokka is severely wounded.
The quokka completely misses you. You block the gnoll's attack.
The quokka bites you.
* * * LOW HITPOINT WARNING * * *
The gnoll hits you from afar with a +0 spear.
* * * LOW HITPOINT WARNING * * *
You barely miss the quokka.
The quokka is severely wounded.
The quokka bites you.
* * * LOW HITPOINT WARNING * * *
The gnoll hits you from afar with a +0 spear.
You die...

#####.####.####.#
#.# #.... #.# #
### #.#
#..##.#.###. ..##
#.# #..# #.#..
..... #.. ...#
#.#..#.#.#
######.#
#.#.#.#$#.#
#.#..#?.)#
####.####.#...#
#......@rggg.#
.....####.#...[.#
..# #.#.....#
#+#.....# .....##
[##### . ..


You could see a gnoll, a quokka, a hobgoblin and a goblin.

Vanquished Creatures
  A ball python (D:1)
  2 endoplasms (D:1)
  A frilled lizard (D:1)
  2 kobolds (D:1)
  2 rats (D:1)
8 creatures vanquished.

Notes
Turn   | Place    | Note
-------+----------+-------------------------------------------
     0 | D:1      | bmack86 the Minotaur Fighter began the quest for the Orb.
     0 | D:1      | Reached XP level 1. HP: 19/19 MP: 0/0
   120 | D:1      | Slain by a gnoll

Illustrated notes

Levels and vault maps discovered:
D:1:      nzn_arrival_crosshair, layout_basic, shapermc_ecumenical_altar_gd,
          minmay_tiny_reverse_x

Action                     || total
---------------------------++-------
  Melee: War axe           ||    20
         Headbutt          ||     3
 Armour: Scale mail        ||     8
  Dodge: Dodged            ||    12
  Block: Buckler           ||     4

Table legend: (Time is in decaauts)
 A = Elapsed time spent in this place.
 B = Non-inter-level travel time spent in this place.
 C = Inter-level travel time spent in this place.
 D = Time resting spent in this place.
 E = Time spent auto-exploring this place.
 F = Levels seen in this place.
 G = Mean time per level.
                   A        B        C        D        E       F      G
               +--------+--------+--------+--------+--------+-----+--------+
         Total |    127 |    127 |      0 |      0 |     50 |   1 |  127.0 |
       Dungeon |    127 |    127 |      0 |      0 |     50 |   1 |  127.0 |
               +--------+--------+--------+--------+--------+-----+--------+

Top non-repeatable levels by time:
     D:1: 127 daAuts
